 Dungeon Crawl Stone Soup version 0.27.1-34-g3ba077fa99 (console) character file.

Game seed: 7271143345790688218

73 Banquo the Chopper (level 4, -2/35 HPs)
             Began as a Djinni Chaos Knight on Jan 3, 2022.
             Was a Plaything of Xom.
             Killed by nerve-wracking pain
             ... invoked by an orc priest
              (9 damage)
             ... on level 2 of the Dungeon.
             The game lasted 00:06:40 (3054 turns).

Banquo the Chopper (Djinni Chaos Knight)            Turns: 3054, Time: 00:06:43

Health: -2/35      AC:  6    Str:  8 (9)  XL:     4   Next: 51%
Gold:   104        EV: 11    Int: 12 (13) God:    Xom [......] SH:  0 Dex: 12

rFire    + + .     SeeInvis .   a - +0 hand axe (chaos)
rCold    x . .     Faith    .   (no shield)
rNeg     . . .     Spirit   .   b - +2 leather armour
rPois    ∞         Reflect  .   (helmet restricted)
rElec    .         Harm     .   (no cloak)
rCorr    .         Rampage  .   g - +0 pair of gloves
Will     .....                  (boots unavailable)
Stlth    +.........             (no amulet)
HPRegen  0.11/turn              (no ring)
MPRegen  0.00/turn              (no ring)

@: flying
A: sickness immunity, fire resistance 2, cold vulnerability 1, float, innate
caster, hp casting, extra vitality 1, horns 1, deterioration 1, dopey 1,
screaming 1, weak 1
a: Renounce Religion


You were on level 2 of the Dungeon.
You worshipped Xom.
You were a very special plaything of Xom.
You visited 1 branch of the dungeon, and saw 2 of its levels.

You collected 104 gold pieces.

Inventory:

Hand Weapons
 a - a +0 hand axe of chaos (weapon)
Missiles
 c - 64 stones (quivered)
 d - 6 atropa-tipped darts
 j - 2 boomerangs
Armour
 b - a +2 leather armour (worn)
 g - a +0 pair of gloves (worn)
Scrolls
 h - 2 scrolls of teleportation {unknown}
 i - 3 scrolls of identify {unknown}
 l - a scroll of blinking {unknown}
 n - a scroll of magic mapping {unknown}
 o - a scroll of immolation {unknown}
Potions
 e - a potion of invisibility {unknown}
 f - a potion of might {unknown}
 k - a potion of ambrosia {unknown}
 m - a potion of flight {unknown}


   Skills:
 - Level 3.0 Fighting
 - Level 3.1 Axes
 * Level 2.1 Armour
 - Level 2.1 Dodging
 * Level 1.5 Spellcasting


You had 5 spell levels left.
You knew the following spells:

 Your Spells              Type           Power      Damage    Failure   Level
a - Foxfire               Conj/Fire      16%        2x1d4     22%         1
Your spell library was empty.

Dungeon Overview and Level Annotations

Branches:
Dungeon (2/15)

Altars:
Xom

Shops:
D:1 !   D:2 (


Innate Abilities, Weirdness & Mutations

You are immune to sickness and miasma.
You are immune to poison.
Your flesh is very heat resistant. (rF++)
You are vulnerable to cold. (rC-)
You float through the air rather than walking.
You learn spells naturally, not from books.
Your magical power is your life essence.
You have superior vitality. (+4 HP)
You have a pair of small horns on your head.
Your body sometimes deteriorates upon taking damage.
You are dopey. (Int -2)
You occasionally shout uncontrollably at your foes.
You are weak. (Str -2)


Message History

You now have 101 gold pieces (gained 5).
You now have 104 gold pieces (gained 3).
There is an open door here.
You see here a +0 short sword.
You reach down and open the door.
Done exploring.
Done exploring.
There is an open door here.
Level map cleared.
There is an open door here.
You see here a +0 short sword.
There is an open door here.
There is an open door here.
There is an open door here.
The orc priest shouts!
The orc priest calls down the wrath of Beogh upon you.
Pain shoots through your body!
There is an open door here.
Casting: Foxfire (safe; 22% risk of failure)
Confirm with . or Enter, or press ? or * to list all spells.
You conjure some foxfire!
The foxfire hits the orc priest but does no damage.
Your foxfire dissipates!
Casting: Foxfire (safe; 22% risk of failure)
Confirm with . or Enter, or press ? or * to list all spells.
You conjure some foxfire!
The orc priest hits you but does no damage.
The foxfire hits the orc priest but does no damage. x2
The orc priest mumbles some strange prayers to Beogh against you.
Beogh smites you!
* * * LOW HITPOINT WARNING * * *
Your body deteriorates!
You feel weakened.
Casting: Foxfire (safe; 22% risk of failure)
Confirm with . or Enter, or press ? or * to list all spells.
You conjure some foxfire!
* * * LOW HITPOINT WARNING * * *
The orc priest invokes the aid of Beogh against you.
Pain shoots through your body!
You die...
Xom laughs nastily!

,,,,,****,,,,,*,,,,,,,,,,,,,,),,,
,,,,,,**,,,,*,,,,,,,,,##,,,,,_,,,
,,,,*,,*,,,,*,**,,,,,g..,,,,,,,,,
,,,***,,,,,,,,**,,,,...#,,,,,,,>,
******,,*,,,***####.....**,,^****
,,,,,,,,*,,,* #........,,,,*****
,,,,,,,,*,,,* ##'#**_,,,,,,,),,,*
*,****,,*,,,* #vo#**,,,,,),,,,,,,
*,* **,,,,*** #v@#,,,,,,,),,,,,,,
*,* *,,,#######§§#,,**,**,,,,,,,,
*,* *,,,#....##..#,***,***,,o,,,,
*,***,,,#....##..######* *,,,,,,,
*,**,,,,##..##8..8##..# *,,,,,,g
*,*,,,,,,#..'....).'..#***,,,*,,,
,,,,*,,,,#..#..##..#..#,,*,,****,
,,,**,,,##..########..#*,,,,* **
,,,*,,,*#....#....#...#,,,,,*****


You could see an orc priest (ally target).

Vanquished Creatures
  A gnoll (D:2)
  3 worms (D:2)
  3 dart slugs
  4 endoplasms (D:2)
  A giant cockroach (D:2)
  6 goblins
  8 hobgoblins
  2 quokkas
  5 ball pythons
  5 bats
  2 frilled lizards
  3 kobolds
  4 rats
47 creatures vanquished.

Vanquished Creatures (others)
  109 foxfires
109 creatures vanquished.

Grand Total: 156 creatures vanquished

Notes
Turn   | Place    | Note
-------+----------+-------------------------------------------
     0 | D:1      | Banquo the Djinni Chaos Knight began the quest for the Orb.
     0 | D:1      | Reached XP level 1. HP: 20/20 MP: 0/0
   141 | D:1      | Reached XP level 2. HP: 25/25 MP: 0/0
   508 | D:1      | Found Paapomila's Distillery.
   563 | D:1      | XOM: silly message
   603 | D:1      | Reached XP level 3. HP: 30/30 MP: 0/0
   603 | D:1      | Learned a level 1 spell: Foxfire
   620 | D:1      | XOM: silly message
   673 | D:1      | Found a faded altar of an unknown god.
   729 | D:1      | XOM: divination: detect items
   901 | D:1      | XOM is BORED!
   901 | D:1      | XOM: give mutations
   901 | D:1      | Gained mutation: You are weak. (Str -2) [Xom's mischief]
   901 | D:1      | Gained mutation: You are dopey. (Int -2) [Xom's mischief]
   901 | D:1      | Gained mutation: Your body sometimes deteriorates upon
                  | taking damage. [Xom's mischief]
   901 | D:1      | Gained mutation: You occasionally shout uncontrollably at
                  | your foes. [Xom's mischief]
  1180 | D:2      | XOM: divination: magic mapping
  1286 | D:2      | XOM: silly message
  1799 | D:2      | Reached skill level 1 in Spellcasting
  1827 | D:2      | XOM: scenery: create altars
  1897 | D:2      | Reached XP level 4. HP: 23/35 MP: 0/0
  2004 | D:2      | XOM: give mutation
  2004 | D:2      | Gained mutation: You have a pair of small horns on your
                  | head. [Xom's grace]
  2132 | D:2      | Found Qaerai's Weapon Emporium.
  2320 | D:2      | XOM: god gift: 18 stones
  2353 | D:2      | XOM: fog
  3054 | D:2      | Killed from afar by an orc priest

Illustrated notes

Levels and vault maps discovered:
D:1:      dpeg_arrival_subterranean_lakeside_camping, layout_loops_ring,
          serial_shops, shop, shapermc_ecumenical_altar_venn
D:2:      minmay_chambers_of_twos, layout_rooms, serial_shops, shop_coins,
          minivault_25, minmay_misc_feat_ornament, st_stairs_11

Skill      XL: |  1  2  3  4 |
---------------+-------------+-----
Axes           | 3 |  3.1
Spellcasting   | 1 |  1.5
Armour         | 2 |  2.1
Fighting       | |  3.0
Dodging        | |  2.1

Action                   |  1- 3 |  4- 6 || total
-------------------------+-------+-------++-------
Melee: Hand axe          |    68 |     4 ||    72
 Cast: Foxfire           |    43 |    18 ||    61
Armor: Leather armour    |    42 |     8 ||    50
Dodge: Dodged            |    55 |    11 ||    66
